[Event "*** MasterClass Titled Tuesday Blitz"]
[Site "Chess.com"]
[Date "2017.11.07"]
[Round "6"]
[White "Koksik_13"]
[Black "aa175"]
[Result "1-0"]
[WhiteElo "2019"]
[BlackElo "1863"]
[TimeControl "180+2"]
[EndTime "15:28:36 PST"]
[Termination "Koksik_13 won by checkmate"]

1. e4 e5 2. Nf3 Nc6 3. Nc3 Nf6 4. Bb5 Bd6 5. d3 O-O 6. Bg5 a6 7. Bc4 h6 8. Bh4 Re8 9. h3 Be7 10. Qe2 d6 11. g4 Nxe4 12. Bxe7 Nxc3 13. Bxd8 Nxe2 14.
Bxc7 Ned4 15. Nxd4 Nxd4 16. O-O-O Be6 17. Bxd6 Rac8 18. c3 Bxc4 19. dxc4 Rxc4 20. Rhe1 Nf3 21. Re3 e4 22. Bg3 Rec8 23. Rd7 b5 24. a3 a5 25. Bd6 Nd4 26. Kb1 Nb3 27. Be5 b4 28. g5 bxa3 29.
gxh6 g6 30. bxa3 Nc5 31. h7+ Kxh7 32. Rxf7+ Kg8 33. Rg7+ Kf8 34. Rh7 Nd3 35. Rg3 Nxe5 36. Rg5 Rb8+ 37. Kc2 Nd3 38. Rh8+ Kg7 39. Rxb8 Kf6 40.
Rxa5 Nxf2 41. Rf8+ Kg7 42. Rxf2 e3 43. Re2 g5 44.
Rxe3 Kh8 45. Re7 Rc8 46. Raa7 g4 47. hxg4 Kg8 48. Rg7+ Kf8 49. Raf7+ Ke8 50. g5 Kd8 51. Rf8# 1-0

[Event "*** MasterClass Titled Tuesday Blitz"]
[Site "Chess.com"]
[Date "2017.11.07"]
[Round "6"]
[White "IamSchrodingersCat"]
[Black "timator"]
[Result "0-1"]
[WhiteElo "2424"]
[BlackElo "2428"]
[TimeControl "180+2"]
[EndTime "15:28:40 PST"]
[Termination "timator won on time"]

1. e4 c5 2. Nf3 Nc6 3. d4 cxd4 4.
Nxd4 Nf6 5. Nc3 e6 6. Be3 Bb4 7. Bd3 d5 8. exd5 Nxd5 9. Nxc6 bxc6 10. Bd2 Bxc3 11. bxc3 Qf6 12. O-O O-O 13. Qh5 h6 14. c4 Nf4 15. Qf3 Nxd3 16. Qxf6 gxf6 17. cxd3 Kg7 18.
Bc3 Rd8 19. Rfd1 Ba6 20. f4 Rd7 21. Kf2 Rad8 22. Ke2 Kg6 23. Rd2 e5 24. fxe5 fxe5 25. Ke3 e4 26. dxe4 Bxc4 27. Rxd7 Rxd7 28. Bd4 f5 29.
Rc1 f4+ 30. Kxf4 Rxd4 31. Ke5 c5 32. a3 Bd3 33. Rxc5 Rxe4+ 34. Kd5 Ra4 35. Rc3 Bf5 36. Ke5 Ra5+ 37. Kf4 Be6 38. h3 Kf6 39. g4 Ra4+ 40. Kg3 Rc4 41. Rf3+ Kg6 42. Re3 Rc6 43.
h4 Rb6 44. h5+ Kf6 45. Kh4 Rb3 46. Re1 Rxa3 47. Rf1+ Kg7 48. Rb1 Ra4 49. Rb7+ Kf6 50. Kh3 Rxg4 51. Kh2 Rh4+ 52. Kg3 Rh3+ 53. Kf4 a5 54.
Rb5 Rh4+ 55. Kg3 Ra4 56. Rb6 Ra1 57. Kf4 a4 0-1

[Event "*** MasterClass Titled Tuesday Blitz"]
[Site "Chess.com"]
[Date "2017.11.07"]
[Round "6"]
[White "Ilja_Semjonovs"]
[Black "Krasimir_Rusev"]
[Result "0-1"]
[WhiteElo "2374"]
[BlackElo "2584"]
[TimeControl "180+2"]
[EndTime "15:28:44 PST"]
[Termination "Krasimir_Rusev won by checkmate"]

1. e4 e5 2. Nf3 d6 3. d4 exd4 4. Nxd4 Nf6 5. Nc3 Be7 6. g3 O-O 7. Bg2 Re8 8. O-O c6 9. Re1 Bf8 10.
h3 Nbd7 11. a4 a5 12. Bf4 Nc5 13. Qd2 h6 14. Rad1 Qb6 15. b3 Qb4 16. h4 Bg4 17. f3 Bd7 18. Be3 Rad8 19. Kh2 Bc8 20. Bf4 Nh5 21. Be3 d5 22. exd5 cxd5 23. Ndb5 d4 24.
Bxd4 Ne6 25. Qc1 Nxg3 26. Rxe6 Rxe6 27. Kxg3 Rg6+ 28. Kh2 Bd6+ 29. Kh1 Bg3 30. h5 Rg5 31. Ne4 Rxh5+ 32. Kg1 Bb8 33. Qd2 Qe7 34.
Qxa5 Rhd5 35. c4 R5d7 36. Qc3 Qh4 37. c5 Be5 38. Nbd6 Rxd6 39. cxd6 Qh2+ 40. Kf2 Bh3 41.
Kf1 Qxg2+ 42. Ke1 Bf4 43. Bf2 Qf1# 0-1

[Event "*** MasterClass Titled Tuesday Blitz"]
[Site "Chess.com"]
[Date "2017.11.07"]
[Round "6"]
[White "AkshatChandra"]
[Black "yurisolo"]
[Result "0-1"]
[WhiteElo "2725"]
[BlackElo "2604"]
[TimeControl "180+2"]
[EndTime "15:28:49 PST"]
[Termination "yurisolo won on time"]

1. d4 Nf6 2. c4 c6 3. Nc3 d5 4. cxd5 cxd5 5. Bf4 Nc6 6. e3 Bf5 7. Qb3 Na5 8. Bb5+ Bd7 9. Qd1 e6 10. Bd3 Rc8 11. Nf3 Nc4 12. Qe2 Bb4 13. Bxc4 Rxc4 14. O-O Bxc3 15. bxc3 Rxc3 16. Qb2 Ne4 17. Qxb7 f6 18.
Rfc1 Qc8 19. Qb2 Qc4 20. Nd2 Rxc1+ 21. Rxc1 Qe2 22. Nc4 Qxb2 23. Nxb2 Ke7 24. f3 g5 25. Bc7 Nd6 26. Kf2 Rc8 27. Bxd6+ Kxd6 28. Rxc8 Bxc8 29. e4 dxe4 30. fxe4 Bb7 31. Ke3 f5 32. Nc4+ Ke7 33. exf5 exf5 34. g3 Ke6 35. h4 Bd5 36. Ne5 f4+ 37. gxf4 gxh4 38. a3 h3 39. Ng4 Kf5 40. Nh2 Bg2 41. a4 a5 42. Kf2 Kxf4 43. Kg1 h5 44. Kf2 Ke4 45. Kg1 Ke3 0-1

[Event "*** MasterClass Titled Tuesday Blitz"]
[Site "Chess.com"]
[Date "2017.11.07"]
[Round "6"]
[White "Mistheoretical"]
[Black "Rhinos1"]
[Result "0-1"]
[WhiteElo "2295"]
[BlackElo "2053"]
[TimeControl "180+2"]
[EndTime "15:28:50 PST"]
[Termination "Rhinos1 won by checkmate"]

1. d4 g6 2. e4 Bg7 3. Nc3 d6 4. Be3 Nf6 5. f3 O-O 6. Qd2 c6 7. O-O-O Nbd7 8. Bh6 Qa5 9. Kb1 b5 10. g4 c5 11. Nd5 Qxd2 12. Nxe7+ Kh8 13. Bxg7+ Kxg7 14. Rxd2 c4 15. Nxc8 Raxc8 16. c3 Rfe8 17. Ne2 h5 18. g5 Nh7 19. h4 Nhf8 20. Bh3 Rb8 21. a3 Nb6 22. Nf4 Ne6 23. Ng2 a5 24.
f4 Nc7 25. Re2 b4 26. axb4 axb4 27. Kc2 b3+ 28. Kd2 Ra8 29. Ke3 Ra2 30. Kf3 Na4 31.
Rb1 Nb5 32. Bd7 Rb8 33. Ne3 Nbxc3 34. Bxa4 Nxb1 35. Bc6 Rb6 36. Bd5 c3 37. bxc3 Rxe2 38. Kxe2 Nxc3+ 39. Kd3 b2 40. Nc4 b1=Q+ 41. Kxc3 Qb3+ 42.
Kd2 Ra6 43. e5 Ra2+ 44. Kc1 Qc2# 0-1

[Event "*** MasterClass Titled Tuesday Blitz"]
[Site "Chess.com"]
[Date "2017.11.07"]
[Round "6"]
[White "Blitzstream"]
[Black "michaelq2d5"]
[Result "1-0"]
[WhiteElo "2490"]
[BlackElo "2631"]
[TimeControl "180+2"]
[EndTime "15:29:04 PST"]
[Termination "Blitzstream won by resignation"]

1. d4 Nf6 2. Nf3 d5 3. e3 c5 4. c3 e6 5. Nbd2 Nc6 6. Bd3 Be7 7. O-O O-O 8. b3 b6 9. Bb2 Bb7 10. Qe2 Rc8 11. Rac1 Qc7 12. e4 Rfe8 13. e5 Nd7 14. h4 h6 15. Qe3 Qd8 16. Qf4 f5 17. exf6 Bxf6 18. Rfe1 e5 19. Qf5 Nf8 20. dxe5 Bxh4 21. Nxh4 Qxh4 22. Nf3 Qe7 23. Rcd1 Rcd8 24. Bc1 Bc8 25.
Qh5 a6 26. Bxh6 gxh6 27. Qxh6 Ne6 28. Re3 Qg7 29. Qh4 d4 30. Re4 Nf8 31. Bc4+ Be6 32. Rg4 Rd7 33. Rxg7+ Rxg7 34. Bxe6+ Nxe6 35. cxd4 Ncxd4 36. Nxd4 Nxd4 37. Qe4 Rxe5 38. Qa8+ Kf7 39. Qa7+ Kg8 40. Qa8+ Kh7 41. g3 a5 42. Kg2 Re2 43. Rh1+ Kg6 44.
Qb8 Re6 45. Rh4 Kf7 46. Rf4+ Kg6 47. Qf8 Rge7 48. Rg4+ Kh5 49. Qg8 1-0

[Event "*** MasterClass Titled Tuesday Blitz"]
[Site "Chess.com"]
[Date "2017.11.07"]
[Round "6"]
[White "chessdude"]
[Black "Squirlolz"]
[Result "0-1"]
[WhiteElo "2478"]
[BlackElo "2446"]
[TimeControl "180+2"]
[EndTime "15:29:09 PST"]
[Termination "Squirlolz won by checkmate"]

1. e4 e6 2. d4 d5 3. Nc3 Nf6 4. e5 Nfd7 5. f4 c5 6. Nf3 Nc6 7. Be3 Be7 8. Qd2 a6 9. Be2 b5 10. a3 O-O 11. O-O Bb7 12. Nd1 cxd4 13. Nxd4 Nc5 14. Nf2 Rc8 15. Rad1 Qc7 16. Nxc6 Bxc6 17. Bd4 a5 18. Qe3 Bb7 19. Bxb5 a4 20. Bd3 Nxd3 21.
cxd3 Qc2 22. Rc1 Qb3 23. Rxc8 Rxc8 24. Rc1 Bd8 25. Rxc8 Bxc8 26. Qc1 Bd7 27. Qc3 Qb7 28. Bc5 Bb5 29. Bd4 Qa6 30. Kf1 Ba5 31. Qc2 h6 32. Ke2 Bb6 33. Bxb6 Qxb6 34. Qc3 d4 35. Qc8+ Kh7 36.
Qc2 Qb7 37. Qc5 Bc6 38. Qxd4 Bxg2 39. Ne4 Qb3 40. Nd2 Qb7 41. Qxa4 Qxb2 42. Qb4 Qc1 43. a4 Bd5 44. a5 Qg1 45. Qb6 Qxh2+ 46. Qf2 Qh5+ 47.
Ke3 Qh3+ 48. Kd4 Qh1 49. Kc5 Qa1 50. Kb6 Qb2+ 51. Ka7 Qb7# 0-1

[Event "*** MasterClass Titled Tuesday Blitz"]
[Site "Chess.com"]
[Date "2017.11.07"]
[Round "6"]
[White "Hasangatin_Ramil"]
[Black "VerdeNotte"]
[Result "0-1"]
[WhiteElo "2445"]
[BlackElo "2662"]
[TimeControl "180+2"]
[EndTime "15:29:09 PST"]
[Termination "VerdeNotte won on time"]

1. e4 c5 2. Nf3 d6 3. Bb5+ Nc6 4. d4 cxd4 5. Qxd4 a6 6. Bxc6+ bxc6 7. c4 e5 8. Qd3 Bg4 9. Nc3 Be7 10. O-O Qc7 11.
h3 Be6 12. b3 Nf6 13. Bg5 O-O 14. Rfd1 Rfd8 15. Rac1 Nh5 16. Nd5 Bxd5 17. cxd5 Bxg5 18. Nxg5 Qe7 19. Nf3 Nf4 20. Qe3 cxd5 21. exd5 Rac8 22. Rc6 Nxd5 23. Qc1 Qb7 24. Rxc8 Rxc8 25. Qa3 e4 26. Qxd6 Nf6 27. Ne5 h6 28. Nc4 Qb5 29.
Rd2 Re8 30. Qc7 Qg5 31. Rd8 Qc1+ 32. Kh2 Rxd8 33. Qxd8+ Kh7 34. Qd2 Qa1 35. Qb2 Qf1 36.
Ne3 Qe1 37. Nc4 h5 38. Qd4 Qb1 39. Qd2 Qd3 40. Qxd3 exd3 41. Nd2 Kg6 42. Kg3 Kf5 43. Kf3 Nd5 44. a3 g5 45. b4 g4+ 46. hxg4+ hxg4+ 47. Kg3 Nc3 48. f3 Ne2+ 49. Kf2 g3+ 50.
Ke3 Nf4 51. Ne4 Nxg2+ 52. Kxd3 Ne1+ 53. Ke2 g2 54. Kf2 g1=Q+ 55. Kxg1 Nxf3+ 56. Kf2 Kxe4 57. a4 Nd4 0-1

[Event "*** MasterClass Titled Tuesday Blitz"]
[Site "Chess.com"]
[Date "2017.11.07"]
[Round "6"]
[White "matej2221"]
[Black "SCIM"]
[Result "1-0"]
[WhiteElo "2076"]
[BlackElo "2410"]
[TimeControl "180+2"]
[EndTime "15:29:10 PST"]
[Termination "matej2221 won by checkmate"]

1. e4 c5 2. Nf3 e6 3. c4 Nc6 4. d4 cxd4 5. Nxd4 Nf6 6. Nc3 Bb4 7. Nxc6 bxc6 8. Bd3 d5 9. exd5 exd5 10. O-O O-O 11. Bg5 dxc4 12. Bxc4 Qxd1 13. Rfxd1 Bxc3 14. bxc3 Ne4 15. Bd2 Bf5 16. f3 Nd6 17. Ba6 Nb5 18. Bb7 Rab8 19.
Bxc6 Na3 20. Bf4 Rb6 21. Bd6 Rxc6 22. Bxa3 Re8 23. Bb4 h5 24. Rd5 g6 25. Rad1 Kh7 26. Rd8 Re2 27. R1d2 Rce6 28. Rxe2 Rxe2 29. a4 a6 30. Rd6 Bc8 31. Rc6 Re8 32. Kf2 Kg7 33. Bc5 a5 34. Bd4+ Kh7 35. Rc5 Be6 36. Rxa5 Bc4 37.
Re5 Rb8 38. a5 h4 39. f4 Rb2+ 40. Kf3 Bf1 41. g3 Bg2+ 42. Ke3 h3 43. Re7 Bd5 44.
g4 Rxh2 45. Re8 g5 46. Rh8+ Kg6 47. f5# 1-0

[Event "*** MasterClass Titled Tuesday Blitz"]
[Site "Chess.com"]
[Date "2017.11.07"]
[Round "6"]
[White "chipmunknau"]
[Black "tigra"]
[Result "0-1"]
[WhiteElo "2502"]
[BlackElo "2652"]
[TimeControl "180+2"]
[EndTime "15:29:15 PST"]
[Termination "tigra won by resignation"]

1. Nf3 e6 2. g3 b6 3. Bg2 Bb7 4. O-O c5 5. c4 a6 6. Nc3 Nf6 7. Re1 d6 8. d4 cxd4 9. Qxd4 Nbd7 10.
b3 Be7 11. Ba3 Nc5 12. Rad1 O-O 13. h3 Qc7 14. Bb2 Rfd8 15. g4 Rac8 16. g5 Ne8 17. h4 Nd7 18. Ne4 d5 19. cxd5 Bxd5 20. Nc3 Bxf3 21. exf3 Ndf6 22. Qe3 Bc5 23. Qe5 Qxe5 24.
Rxe5 Rxd1+ 25. Nxd1 Nd5 26. Bf1 b5 27. a4 Nd6 28. axb5 axb5 29. Ne3 Nxe3 30. fxe3 Nf5 31. Bxb5 Bxe3+ 32. Kf1 Rc2 33. Ba3 Bd4 34. Bd3 Bxe5 35. Bxc2 Ne3+ 36. Ke2 Nxc2 37. Bc5 Nd4+ 38. Ke3 Nxb3 39.
Bb6 g6 40. Ke4 Bg3 41. Kd3 Bxh4 42. Kc3 Bxg5 43. Kxb3 Bf4 44. Kc4 g5 45. Kd3 h5 46.
Ke2 h4 47. Kf1 f5 48. Kg2 Kf7 49. Bd8 Kg6 50. Be7 Kh5 51. Bd8 g4 52. Be7 h3+ 53.
Kh1 gxf3 54. Bc5 Bg3 55. Be3 f2 0-1

[Event "*** MasterClass Titled Tuesday Blitz"]
[Site "Chess.com"]
[Date "2017.11.07"]
[Round "6"]
[White "Noukii"]
[Black "Fy_Rakotomaharo"]
[Result "1-0"]
[WhiteElo "2606"]
[BlackElo "2451"]
[TimeControl "180+2"]
[EndTime "15:29:24 PST"]
[Termination "Noukii won on time"]

1. d4 d5 2. Nf3 Nf6 3. c4 e6 4. g3 c6 5. Bg2 Nbd7 6. O-O Be7 7.
Nc3 O-O 8. Nd2 Re8 9. e4 dxe4 10. Ndxe4 Nf8 11. Be3 Ng6 12. Qe2 e5 13. Nxf6+ Bxf6 14. d5 Bd7 15. Rad1 Qc7 16. Ne4 cxd5 17. Nxf6+ gxf6 18. Bxd5 Be6 19. b3 Rad8 20. Bg2 f5 21. Bg5 Rxd1 22.
Rxd1 Kg7 23. Qh5 f6 24. Qh6+ Kg8 25. Bxf6 Qf7 26. Qg5 h6 27. Qxh6 Qxf6 28. h4 Qg7 29.
Qe3 f4 30. Qxa7 Nxh4 31. Qxb7 fxg3 32. Qxg7+ Kxg7 33. fxg3 Nf5 34. Rd3 Nd4 35. a4 Rf8 36.
Be4 Rb8 37. a5 Bc8 38. c5 Rxb3 39. Rxb3 Nxb3 40. c6 Nxa5 41. Kf2 Kf6 42. Kf3 Kg5 43. Bd5 Bf5 44. Kf2 Kf6 45. Kf3 Bd3 46. g4 Nc4 47. c7 Nd6 48. Bb7 e4+ 49. Kf4 e3 50. Kxe3 Bb1 51. Kf4 Kg6 52. Ke5 Nf7+ 53. Ke6 Ba2+ 54. Ke7 1-0

[Event "*** MasterClass Titled Tuesday Blitz"]
[Site "Chess.com"]
[Date "2017.11.07"]
[Round "6"]
[White "Dr-Bassem"]
[Black "igorkovalenko"]
[Result "1-0"]
[WhiteElo "2610"]
[BlackElo "2775"]
[TimeControl "180+2"]
[EndTime "15:29:25 PST"]
[Termination "Dr-Bassem won by resignation"]

1. e4 d5 2. exd5 Qxd5 3. Nc3 Qd6 4. d4 Nf6 5. Nf3 g6 6. Ne5 Bg7 7. Bc4 O-O 8. O-O Nc6 9. Nb5 Qd8 10. Bg5 Bf5 11. Re1 h6 12. Bf4 Nxe5 13. Bxe5 c6 14. Nc3 Qd7 15. Qe2 Rad8 16. Rad1 Rfe8 17. h3 b5 18. Bb3 a5 19. a4 b4 20. Nb1 Nd5 21. Bxg7 Kxg7 22. Nd2 Qc7 23. Nc4 f6 24. Qf3 Bc8 25. Nd2 g5 26. Ne4 Qf4 27. Qe2 Qc7 28.
Ng3 Nf4 29. Qc4 e6 30. Ne4 Rd5 31. Qf1 Rdd8 32. g3 Nd5 33. Nc5 e5 34. dxe5 Rxe5 35. Nd3 Rxe1 36. Rxe1 Bf5 37. Nc5 Qc8 38. Kh2 Bg6 39. Qc4 Bf7 40. Qe2 Re8 41. Qd2 Rxe1 42. Qxe1 Qf8 43. Nb7 Qa8 44. Nd6 Qd8 45. Nxf7 Kxf7 46.
Qe3 Kg7 47. Qa7+ Qc7 48. Qc5 Ne7 49. Be6 Qe5 50. Qxe7+ 1-0

[Event "*** MasterClass Titled Tuesday Blitz"]
[Site "Chess.com"]
[Date "2017.11.07"]
[Round "6"]
[White "Zufi1811"]
[Black "hypert"]
[Result "1/2-1/2"]
[WhiteElo "2430"]
[BlackElo "2347"]
[TimeControl "180+2"]
[EndTime "15:29:26 PST"]
[Termination "Game drawn - insufficient material"]

1. d4 Nf6 2. Nf3 e6 3. e3 d5 4. Bd3 c5 5. b3 Nc6 6. Bb2 Be7 7. a3 O-O 8. O-O Nd7 9. c4 dxc4 10. bxc4 Bf6 11.
Qc2 g6 12. Nbd2 cxd4 13. exd4 b6 14. Ne4 Bg7 15. Rad1 Ne7 16. Nd6 Qc7 17. Nxc8 Raxc8 18. Qe2 Nb8 19. g3 Rfd8 20. h4 Nbc6 21. Be4 Na5 22.
d5 Bxb2 23. Qxb2 Nxc4 24. Qf6 Nxd5 25. Bxd5 Rxd5 26. Rxd5 exd5 27. Ng5 h6 28. Re1 hxg5 29. Re7 Qxe7 30. Qxe7 gxh4 31. gxh4 Nd2 32. Kg2 Ne4 33. f3 Nc3 34. Qxa7 d4 35. Qd7 Rc4 36. Qd8+ Kg7 37. Qxb6 d3 38. Qd6 Ne2 39. Kf2 Rd4 40. Qe5+ Kf8 41.
h5 gxh5 42. a4 d2 43. Qh8+ Ke7 44. Qe5+ Kd7 45. Qf5+ Kc6 46. Qc2+ Kd6 47. Kxe2 d1=Q+ 48. Qxd1 Rxd1 49. Kxd1 Kc5 50. Ke2 Kb4 51. Kf2 Kxa4 52.
Kg3 Kb4 53. Kh4 Kc4 54. Kxh5 Kd5 55. Kg5 Ke5 56. Kg4 Ke6 57. Kf4 Kf6 58. Kg4 Ke5 59.
Kg5 f5 60. Kg6 Kf4 61. Kf6 Kxf3 62. Kxf5 1/2-1/2

[Event "*** MasterClass Titled Tuesday Blitz"]
[Site "Chess.com"]
[Date "2017.11.07"]
[Round "6"]
[White "MITerryble"]
[Black "Swarnapuri"]
[Result "1-0"]
[WhiteElo "2637"]
[BlackElo "2506"]
[TimeControl "180+2"]
[EndTime "15:29:36 PST"]
[Termination "MITerryble won by resignation"]

1. d4 Nc6 2. Nf3 d5 3. Bf4 Bg4 4. e3 e6 5. Nbd2 Bd6 6. Bg3 Nge7 7. c4 O-O 8. Be2 Ng6 9. Rc1 Nce7 10. Bxd6 Qxd6 11.
O-O c6 12. h3 Bxf3 13. Nxf3 Rad8 14. Qb3 Qc7 15. Qa3 a6 16. Qb3 Rb8 17. Rc2 Qd6 18.
Rfc1 e5 19. cxd5 Nxd5 20. dxe5 Nxe5 21. Nd4 g6 22. a3 Nd7 23. Bf3 N5f6 24. Rd1 Qe7 25.
Qc3 Ne5 26. Be2 Ne4 27. Qe1 Rfd8 28. Rcc1 h5 29. b4 Rd5 30. Nf3 Rbd8 31. Nd4 Kh7 32. f3 Nf6 33. Bf1 c5 34. bxc5 Rc8 35.
Nb3 Qe6 36. Rxd5 Qxd5 37. Qc3 Nfd7 38. e4 Qe6 39. Qb4 Rc7 40. f4 Nc6 41. Qc4 Qf6 42.
e5 Qh4 43. Qxf7+ Kh6 44. Bd3 Ne7 45. Be4 a5 46. Nd4 Nxc5 47. Nf3 Qg3 48. Ng5 Qe3+ 49. Kh2 Nf5 50. Qf8+ Rg7 51. Qh8+ 1-0

[Event "*** MasterClass Titled Tuesday Blitz"]
[Site "Chess.com"]
[Date "2017.11.07"]
[Round "6"]
[White "Oneofmyturns"]
[Black "hansen"]
[Result "0-1"]
[WhiteElo "2513"]
[BlackElo "2576"]
[TimeControl "180+2"]
[EndTime "15:29:37 PST"]
[Termination "hansen won by resignation"]

1. d4 Nf6 2. c4 g6 3. Nc3 d5 4. Nf3 Bg7 5. Qb3 dxc4 6. Qxc4 O-O 7. e4 Bg4 8. Be3 Nfd7 9. Rd1 Nb6 10. Qb3 e6 11. Be2 Nc6 12. e5 Qe7 13. Ne4 Qb4+ 14. Qxb4 Nxb4 15. a3 Nc2+ 16. Kd2 Nxe3 17. fxe3 Nd5 18.
Bc4 Rad8 19. Ke2 Bh6 20. Bxd5 Bxf3+ 21. gxf3 exd5 22. Nf6+ Kh8 23. Rc1 c6 24. b4 Bg7 25.
Ng4 a6 26. f4 f6 27. h4 h5 28.
Nf2 Rf7 29. Nd3 Kh7 30. Nc5 Ra8 31. Nb3 Bf8 32. Rh3 Be7 33. exf6 Bxf6 34. Kd3 Re7 35. Rg1 Rg8 36. Nc5 Rge8 37. a4 Ra8 38.
a5 Rae8 39. Na4 Rf7 40. Rb1 Be7 41. Nc5 Bf6 42. Rg1 Rfe7 43. Rg2 Kh6 44. Na4 Re4 45. Nc3 R4e7 46. Rb2 Kg7 47. Ne2 Kf7 48. Nc3 Kg7 49. Nd1 Kf7 50. Nf2 Ke6 51. Re2 Kf5 52. Re1 Re6 53. Rg1 Be7 54. Rb1 Bxh4 55. Nh1 Kg4 56. Rxh4+ Kxh4 57. Rg1 Rxe3+ 58. Kd2 0-1

[Event "*** MasterClass Titled Tuesday Blitz"]
[Site "Chess.com"]
[Date "2017.11.07"]
[Round "6"]
[White "ChristopherYoo"]
[Black "Maitreia"]
[Result "0-1"]
[WhiteElo "2259"]
[BlackElo "2471"]
[TimeControl "180+2"]
[EndTime "15:29:44 PST"]
[Termination "Maitreia won by resignation"]

1. e4 c5 2. Nf3 g6 3. d4 cxd4 4.
Nxd4 Bg7 5. Nc3 Nc6 6. Be3 Nf6 7.
Bc4 O-O 8. Bb3 a5 9. O-O a4 10. Nxa4 Nxe4 11. Nb5 d5 12. Bb6 Qd7 13. Nc7 Rxa4 14.
Bxa4 Bxb2 15. Qxd5 Qxd5 16. Nxd5 Bxa1 17. Bxc6 bxc6 18. Nxe7+ Kg7 19. Nxc8 Bf6 20. Na7 Rb8 21. Be3 Rb2 22. Nxc6 Rxc2 23. Nb4 Rb2 24. Nd5 Rxa2 25. Nxf6 Kxf6 26. f3 Nd6 27. Rc1 Nf5 28. Bf2 h5 29. h4 Ra4 30. g3 Ra3 31. Kg2 Ra2 32. Rc3 Re2 33. f4 Nd6 34. Re3 Rxe3 35. Bxe3 Kf5 36. Kf3 Nc4 37. Bc5 Nd2+ 38. Kg2 Ne4 39. Bb4 Kg4 40.
Be1 Nf6 41. Bc3 Nd5 42. Bd4 Ne7 43. Bc5 Nf5 44. Bf2 Nd6 45. Be3 Ne4 46. Bf2 Nd2 47.
Be1 Nc4 48. Bf2 Kf5 49. Kf3 Nd2+ 50. Ke2 Ne4 51. Kf3 Nd2+ 52. Ke2 Nc4 53. Kf3 Nb2 54.
Bd4 Nd3 55. Bc3 Nc5 56. Bd4 Nb3 57. Bc3 Nc1 58. Bd2 Nd3 59. Bc3 Nc5 60. Bd4 Ne6 61. Be3 Nc7 62. Bd4 Nd5 63. Bb2 Nb4 64. Bc3 Nd3 65. Bd2 Nc5 66. Be3 Nb3 67. Bb6 Nd2+ 68. Ke3 Nc4+ 69. Kf3 Nxb6 0-1

[Event "*** MasterClass Titled Tuesday Blitz"]
[Site "Chess.com"]
[Date "2017.11.07"]
[Round "6"]
[White "Grebeniuk-S"]
[Black "TheMagician"]
[Result "1-0"]
[WhiteElo "2424"]
[BlackElo "2249"]
[TimeControl "180+2"]
[EndTime "15:29:50 PST"]
[Termination "Grebeniuk-S won by resignation"]

1. d4 Nf6 2. Nf3 g6 3. Bg5 Bg7 4. Nbd2 d5 5. e3 O-O 6. Be2 c5 7. c3 Qb6 8. Qc1 Nc6 9. O-O Bg4 10. h3 Bxf3 11. Bxf3 e6 12. a3 Rac8 13. Qb1 h6 14. Bh4 Rfe8 15. b4 cxd4 16. cxd4 g5 17. Bg3 e5 18. b5 Nxd4 19. exd4 e4 20. Be2 Qxd4 21. Nb3 Qb6 22. a4 d4 23. Rd1 d3 24. Bf1 Nh5 25. a5 Qf6 26. Bxd3 exd3 27. Rxd3 Nxg3 28. Rxg3 Rc3 29. Rxc3 Qxc3 30. Qd1 Qb4 31. Rb1 Qxb5 32. Nd4 Qd5 33. Nf3 Qxd1+ 34. Rxd1 Re7 35. Rd8+ Kh7 36. g4 Bc3 37. Rd5 Bf6 38. Kg2 Kg6 39. Rd6 Kg7 40. Rd5 Rc7 41. Rb5 a6 42. Rd5 Rc2 43. Nd2 Ra2 44.
Nc4 Ra4 45. Rc5 Bd4 46. Rc7 Kg6 47. Kf3 Ra2 48. Ke4 Bxf2 49. Rxb7 Bg1 50. Ne5+ Kf6 51. Rxf7+ Ke6 52. Rf1 Ra4+ 53. Kd3 Kxe5 54. Rxg1 Ra3+ 55.
Kc4 Rxh3 56. Kc5 Rb3 57. Rf1 Rb5+ 58. Kc6 Rxa5 59. Rf5+ Ke4 60. Rxa5 Kf4 61. Ra4+ Kg3 62. Kd5 a5 63. Ke5 Kh4 64. Kf5 h5 65. gxh5+ Kxh5 66. Rg4 a4 67. Rxa4 g4 68. Rxg4 Kh6 69. Rg5 1-0

[Event "*** MasterClass Titled Tuesday Blitz"]
[Site "Chess.com"]
[Date "2017.11.07"]
[Round "6"]
[White "kikydu96"]
[Black "ChainsOfFantasia"]
[Result "0-1"]
[WhiteElo "2395"]
[BlackElo "2495"]
[TimeControl "180+2"]
[EndTime "15:29:59 PST"]
[Termination "ChainsOfFantasia won by resignation"]

1. b3 Nf6 2. Bb2 g6 3. g3 Bg7 4. Bg2 O-O 5. Nf3 d5 6. O-O c5 7. d3 Nc6 8. Nbd2 Re8 9. e4 d4 10. a4 e5 11. Nc4 b6 12. Nfd2 Qc7 13. h3 Bb7 14. f4 Nd7 15. f5 a6 16. fxg6 hxg6 17. Nf3 b5 18. Ncd2 Bh6 19. Nh4 Nf8 20. Kh1 Bc8 21. Rf3 Bd7 22. Qf1 Re7 23. axb5 Nb4 24.
Qd1 Qc8 25. Kh2 axb5 26. Ba3 Ne6 27. Nb1 Nc6 28. Nd2 b4 29. Bb2 Rxa1 30. Bxa1 Ng5 31. Nc4 Bxh3 32. Qf1 Bxg2 33. Qxg2 Nxf3+ 34. Qxf3 Qe6 35. Bb2 Bg5 36. Nb6 Re8 37. Nd5 Rd8 38. Ng2 Kg7 39. Kg1 Ne7 40. Nxe7 Qxe7 41. Qf1 Ra8 42. Ne1 Be3+ 43. Kg2 Qg5 44. Nf3 Qf6 45. Bc1 Bxc1 46. Qxc1 Ra2 47. Qb1 Qa6 48. Nxe5 Qa3 49. Nc4 Qa7 50. Qd1 Qe7 51. Qe2 Qg5 52. Nd6 Qc1 53.
Qf3 Qxc2+ 54. Kh3 Qh2+ 55. Kg4 Qh5+ 56. Kf4 Qh6+ 57. Kg4 f5+ 58. exf5 Qh5+ 59. Kf4 g5+ 60. Ke4 Re2+ 61. Qxe2 Qxe2+ 62. Kd5 Qxd3 63. Ke6 Qe3+ 64. Kd5 d3 65. Nc4 Qd4+ 66. Ke6 Qxc4+ 67. bxc4 Kf8 0-1

[Event "*** MasterClass Titled Tuesday Blitz"]
[Site "Chess.com"]
[Date "2017.11.07"]
[Round "6"]
[White "Salem-AR"]
[Black "Tobi-Wan-Kenobi"]
[Result "0-1"]
[WhiteElo "2791"]
[BlackElo "2495"]
[TimeControl "180+2"]
[EndTime "15:30:00 PST"]
[Termination "Tobi-Wan-Kenobi won by resignation"]

1. d4 d5 2. c4 c6 3. Nf3 Nf6 4. Nc3 dxc4 5. e4 b5 6. e5 Nd5 7. a4 e6 8. Be2 Be7 9. O-O Bb7 10. Ne4 Nd7 11. Bg5 O-O 12. Bxe7 Qxe7 13. Nd6 Ba6 14. Qd2 b4 15. Bxc4 Bxc4 16. Nxc4 c5 17. Rac1 cxd4 18. Nxd4 Rfc8 19. Nf5 exf5 20. Qxd5 Rab8 21.
Rfd1 Nf8 22. Nd6 Rxc1 23. Rxc1 Ne6 24. g3 h5 25. Rc6 f4 26. a5 fxg3 27. hxg3 h4 28. Nf5 Qg5 29. Nxh4 Rd8 30. Rd6 Rxd6 31. Qxd6 Qc1+ 32. Kg2 Qxb2 33. a6 Qd4 34. Qb8+ Kh7 35. Nf3 Qc5 36. Qb7 Kg6 37. Qe4+ Kh6 38. Qh4+ Kg6 39. g4 Nf4+ 40. Kh2 f6 41. Kg3 Ne2+ 42.
Kh2 Nf4 43. Qg3 Nd3 44. Qh4 Qxf2+ 45. Qxf2 Nxf2 46. e6 Ne4 47. Nh4+ Kh7 48. Nf5 Kg8 49. Nd4 Kf8 50. Kg2 Nc5 51. Kf3 Nxa6 52. Ke4 Nc5+ 53.
Kd5 b3 54. Nf5 b2 55. e7+ Kf7 56. Kxc5 b1=Q 57. Kc6 Qe4+ 58. Kd7 Qe6+ 59. Kd8 Qd5+ 60. Kc7 Qxf5 61. gxf5 Kxe7 62. Kc6 a5 63. Kb5 Kd6 0-1

[Event "*** MasterClass Titled Tuesday Blitz"]
[Site "Chess.com"]
[Date "2017.11.07"]
[Round "6"]
[White "Vamostodorecto"]
[Black "saikrishnaReturns"]
[Result "1/2-1/2"]
[WhiteElo "2295"]
[BlackElo "2474"]
[TimeControl "180+2"]
[EndTime "15:30:07 PST"]
[Termination "Game drawn by stalemate"]

1. d4 Nf6 2. c4 g6 3. Nc3 Bg7 4. e4 d6 5. Be2 O-O 6. Nf3 e5 7. O-O Nc6 8. d5 Ne7 9. Ne1 Nd7 10. Be3 f5 11. f3 f4 12. Bf2 g5 13. Rc1 Ng6 14. c5 Nf6 15. cxd6 cxd6 16. Nb5 g4 17. Nc7 g3 18. Nxa8 Nh5 19. Kh1 gxf2 20. Rxf2 Bf6 21. Nc7 Bh4 22. Nd3 Bxf2 23. Nxf2 Ng3+ 24. Kg1 Nxe2+ 25.
Qxe2 Qg5 26. Ne6 Bxe6 27. dxe6 Nh4 28. Nd3 Re8 29. Nb4 Rxe6 30. Rc8+ Kg7 31. Rc7+ Kh6 32. Nc2 Rg6 33. Ne1 Rg7 34. Rxg7 Kxg7 35. Qc4 Qe7 36. b4 Qd8 37. Nd3 Qb6+ 38. Kf1 Qc6 39. Nb2 Qb6 40. Qc3 Kf6 41. a4 Qd4 42. Qxd4 exd4 43. Nc4 Ke6 44.
Na5 d5 45. Nxb7 dxe4 46. fxe4 Ke5 47. Nc5 Ng6 48. a5 Ne7 49. b5 Nc8 50. b6 axb6 51.
Nd7+ Kxe4 52. axb6 Nd6 53. Nc5+ Ke3 54. b7 Nxb7 55. Nxb7 d3 56. Nd6 f3 57. Nc4+ Kd4 58. Nd2 fxg2+ 59. Kxg2 Ke3 60. Nc4+ Kd4 61. Nd2 Ke3 62.
Nf1+ Ke2 63. h4 d2 64. Nxd2 Kxd2 65. Kf3 Kd3 66. Kf4 Kd4 67. Kf5 h5 68. Kg5 Ke5 69. Kxh5 Kf6 70. Kg4 Kg7 71. h5 Kh8 72. Kg5 Kg8 73.
Kg6 Kh8 74. h6 Kg8 75. h7+ Kh8 76. Kh6 1/2-1/2